Manchots vs Tamiflu
Created - 27 janvier 2013 at 21:22
Goals
|
| Manchots |
1 |
1 |
0 |
2 |
| Tamiflu |
0 |
1 |
2 |
3 |
|
Shots
|
| Manchots |
11 |
15 |
12 |
38 |
| Tamiflu |
7 |
19 |
11 |
37 |
|
1st period
1. Manchots , Cal Clutterbuck 5 (Tyler Kennedy) at 9:09
Penalties :
Pernell Karl Subban (Out) for Hooking (Minor) at 3:04, Cal Clutterbuck (Out) for Hooking (Minor) at 18:17
2nd period
2. Tamiflu , Alex Picard 16 (Nathan Oystrick, Nate Thompson) at 4:52
3. Manchots , Martin Hanzal 28 (Alexander Radulov) at 18:59
Penalties :
Petr Pohl (Det) for Hooking (Minor) at 8:25, Mike Brown (Det) for Tripping (Minor) at 14:07
3rd period
4. Tamiflu , David Clarkson 9 (Nathan Oystrick) at 0:51
5. Tamiflu , Alex Picard 17 (Mike Brown, Jordan Hendry) at 5:22
Penalties :
Eric Tangradi (Out) for Roughing (Minor) at 16:31
Goalie Stats
Ondrej Pavelec (Out), 34 saves from 37 shots - (0,919), L, 10-4-3, 59:07 minutes
Corey Crawford (Det), 36 saves from 38 shots - (0,947), W, 10-6-2, 60:00 minutes
Players Stats for Manchots
Player Name G A P +/- PIM S H SB GA TA FO MP PP MP PK MP
------------------------------------------------------------------------------------
Alexander Radulov 0 1 1 1 0 6 1 0 0 0 1/2 18:42 2:09 0:00
Bobby Butler 0 0 0 1 0 0 0 0 0 0 0/0 8:40 0:00 0:00
Bryan Allen 0 0 0 0 0 2 1 4 0 2 0/0 19:45 1:35 2:56
Cal Clutterbuck 1 0 1 1 2 2 1 0 0 0 0/2 12:03 0:20 1:36
Denis Arkhipov 0 0 0 0 0 0 0 0 1 1 3/7 12:10 0:27 3:10
Eric Tangradi 0 0 0 0 2 0 0 0 0 0 0/1 8:16 0:16 0:00
Fredrik Sjostrom 0 0 0 -3 0 8 2 1 1 0 0/0 20:57 1:58 1:42
Hal Gill 0 0 0 0 0 1 1 2 0 0 0/0 24:52 1:35 4:12
Jamie Benn 0 0 0 1 0 0 3 0 0 0 0/0 18:03 1:44 0:37
Kris Russell 0 0 0 0 0 0 0 2 0 0 0/0 12:36 0:00 0:00
Logan Couture 0 0 0 -3 0 2 4 0 1 0 4/13 18:00 1:22 0:14
Martin Hanzal 1 0 1 1 0 4 2 0 1 0 15/28 18:21 2:09 0:00
Pernell Karl Subban 0 0 0 -1 2 2 1 0 0 0 0/0 23:11 2:23 0:00
Petr Sykora 0 0 0 -3 0 3 1 0 2 2 0/1 20:56 1:29 2:45
Richard Petiot 0 0 0 0 0 1 0 0 0 0 0/0 15:08 0:00 1:45
Spencer Machacek 0 0 0 0 0 0 1 0 0 0 0/0 7:07 0:00 0:00
Stanislav Neckar 0 0 0 -1 0 4 0 2 0 1 0/0 24:43 2:23 3:01
Tyler Kennedy 0 1 1 1 0 3 0 0 0 0 3/4 10:30 0:00 1:50
Players Stats for Tamiflu
Player Name G A P +/- PIM S H SB GA TA FO MP PP MP PK MP
------------------------------------------------------------------------------------
Alex Picard 2 0 2 1 0 9 2 0 0 0 2/3 21:36 3:28 2:26
David Clarkson 1 0 1 1 0 3 1 0 0 0 0/0 11:50 0:18 0:58
Greg Mauldin 0 0 0 0 0 1 0 0 0 1 3/6 13:09 0:18 0:07
Jan Mursak 0 0 0 1 0 0 1 0 0 0 1/1 9:28 0:00 0:00
Jani Rita 0 0 0 -1 0 1 1 0 0 0 1/3 14:49 2:11 0:34
Johan Fransson 0 0 0 0 0 0 2 1 1 0 0/0 12:04 0:00 0:00
Jonathan Sigalet 0 0 0 0 0 0 4 3 1 0 0/0 28:01 3:25 2:08
Jordan Hendry 0 1 1 0 0 0 2 0 0 2 0/0 28:01 3:25 2:08
Kyle Lawson 0 0 0 1 0 2 1 0 0 1 0/0 19:55 2:32 1:50
Mike Brown 0 1 1 1 2 4 3 0 0 0 0/0 18:10 3:28 0:00
Nate Thompson 0 1 1 1 0 5 2 0 1 0 17/32 19:13 3:28 0:58
Nathan Oystrick 0 2 2 1 0 4 1 0 1 2 0/0 19:55 2:32 1:50
Nick Spaling 0 0 0 0 0 2 1 0 0 0 0/0 12:44 0:00 0:00
Petr Pohl 0 0 0 -1 2 1 3 1 0 0 0/0 14:18 2:08 0:00
Pierre Dagenais 0 0 0 0 0 2 0 0 0 0 0/0 13:32 0:21 0:27
Radek Bonk 0 0 0 -1 0 1 0 2 2 0 6/9 16:44 2:11 2:26
Teemu Laakso 0 0 0 0 0 1 0 1 0 0 0/0 12:04 0:00 0:00
Tyler Haskins 0 0 0 1 0 1 0 0 0 0 2/4 10:27 0:00 0:00
3 Stars
1 - Alex Picard (Det)
2 - Martin Hanzal (Out)
3 - Corey Crawford (Det)
Power Play
Manchots - 0 on 2 Attempt(s) - 0,00%
Tamiflu - 0 on 3 Attempt(s) - 0,00%
Penalty Kill
Manchots - 3 on 3 Attempt(s) - 100,00%
- Score 0 goal in Penalty Kill
Tamiflu - 2 on 2 Attempt(s) - 100,00%
- Score 0 goal in Penalty Kill
Official
Referees : L'Ecuyer Frederick and Auger Stephane
Linesman : Don Henderson and Lonnie Cameron
Game Notes
No Game Note
Manchots
5 vs 5 Forward
Center Left Wing Right Wing Time % Phy DF OF
1 Martin Hanzal Jamie Benn Alexander Radulov 37 0 1 4
2 Logan Couture Fredrik Sjostrom Petr Sykora 34 0 1 4
3 Tyler Kennedy Bobby Butler Cal Clutterbuck 19 1 1 3
4 Denis Arkhipov Eric Tangradi Spencer Machacek 10 1 1 3
5 vs 5 Defense
Defense Defense Time % Phy DF OF
1 Pernell Karl Subban Stanislav Neckar 40 1 2 2
2 Bryan Allen Hal Gill 30 1 2 2
3 Kris Russell Richard Petiot 20 1 2 2
4 Hal Gill Pernell Karl Subban 10 1 1 3
PowerPlay Forward
Center Left Wing Right Wing Time % Phy DF OF
1 Martin Hanzal Fredrik Sjostrom Alexander Radulov 60 1 1 3
2 Logan Couture Jamie Benn Petr Sykora 40 1 1 3
PowerPlay Defense
Defense Defense Time % Phy DF OF
1 Stanislav Neckar Pernell Karl Subban 60 1 1 3
2 Hal Gill Bryan Allen 40 1 1 3
Penalty Kill 4 Players Forward
Center Wing Time % Phy DF OF
1 Denis Arkhipov Petr Sykora 60 1 2 2
2 Tyler Kennedy Fredrik Sjostrom 40 1 2 2
Penalty Kill 4 Players Defense
Defense Defense Time % Phy DF OF
1 Hal Gill Stanislav Neckar 60 1 2 2
2 Bryan Allen Richard Petiot 40 1 2 2
Penalty Kill - 3 Players Forward
Forward Time % Phy DF OF
1 Denis Arkhipov 60 1 2 2
2 Tyler Kennedy 40 1 2 2
Penalty Kill - 3 Players Defense
Defense Defense Time % Phy DF OF
1 Stanislav Neckar Hal Gill 60 1 2 2
2 Richard Petiot Bryan Allen 40 1 2 2
4 vs 4 Forward
Center Wing Time % Phy DF OF
1 Martin Hanzal Petr Sykora 60 1 1 3
2 Logan Couture Fredrik Sjostrom 40 1 1 3
4 vs 4 Defense
Defense Defense Time % Phy DF OF
1 Pernell Karl Subban Stanislav Neckar 60 1 1 3
2 Hal Gill Bryan Allen 40 1 1 3
Last Minutes Offensive
Center Left Wing Right Wing Defense Defense
Martin Hanzal Fredrik Sjostrom Alexander Radulov Stanislav Neckar Pernell Karl Subban
Last Minutes Defensive
Center Left Wing Right Wing Defense Defense
Denis Arkhipov Fredrik Sjostrom Petr Sykora Stanislav Neckar Hal Gill
Goaltenders
Starting : Ondrej Pavelec
Backup : Sebastien Caron
Extra Forwards
Normal : Fredrik Sjostrom, Martin Hanzal, Alexander Radulov - PP : Jamie Benn, Fredrik Sjostrom - PK : Cal Clutterbuck
Extra Defensemen
Normal : Bryan Allen, Pernell Karl Subban, Hal Gill - PP : Pernell Karl Subban - PK : Stanislav Neckar, Hal Gill
Penalty Shots
Petr Sykora, Fredrik Sjostrom, Alexander Radulov, Martin Hanzal, Bobby Butler
Tamiflu
5 vs 5 Forward
Center Left Wing Right Wing Time % Phy DF OF
1 Nate Thompson Alex Picard Mike Brown 40 0 1 4
2 Radek Bonk Jani Rita Petr Pohl 30 0 1 4
3 Greg Mauldin Nick Spaling Pierre Dagenais 20 0 2 3
4 Tyler Haskins Jan Mursak David Clarkson 10 0 3 2
5 vs 5 Defense
Defense Defense Time % Phy DF OF
1 Jonathan Sigalet Jordan Hendry 40 0 2 3
2 Nathan Oystrick Kyle Lawson 30 0 2 3
3 Johan Fransson Teemu Laakso 20 0 3 2
4 Jonathan Sigalet Jordan Hendry 10 0 2 3
PowerPlay Forward
Center Left Wing Right Wing Time % Phy DF OF
1 Nate Thompson Alex Picard Mike Brown 60 0 1 4
2 Radek Bonk Jani Rita Petr Pohl 40 0 1 4
PowerPlay Defense
Defense Defense Time % Phy DF OF
1 Jonathan Sigalet Jordan Hendry 60 0 2 3
2 Nathan Oystrick Kyle Lawson 40 0 2 3
Penalty Kill 4 Players Forward
Center Wing Time % Phy DF OF
1 Radek Bonk Alex Picard 60 0 4 1
2 Nate Thompson David Clarkson 40 0 4 1
Penalty Kill 4 Players Defense
Defense Defense Time % Phy DF OF
1 Jonathan Sigalet Jordan Hendry 60 0 4 1
2 Nathan Oystrick Kyle Lawson 40 0 4 1
Penalty Kill - 3 Players Forward
Forward Time % Phy DF OF
1 Radek Bonk 60 0 4 1
2 Nate Thompson 40 0 4 1
Penalty Kill - 3 Players Defense
Defense Defense Time % Phy DF OF
1 Jonathan Sigalet Jordan Hendry 60 0 4 1
2 Nathan Oystrick Kyle Lawson 40 0 4 1
4 vs 4 Forward
Center Wing Time % Phy DF OF
1 Nate Thompson Alex Picard 60 0 2 3
2 Radek Bonk Petr Pohl 40 0 2 3
4 vs 4 Defense
Defense Defense Time % Phy DF OF
1 Jonathan Sigalet Jordan Hendry 60 0 2 3
2 Nathan Oystrick Kyle Lawson 40 0 2 3
Last Minutes Offensive
Center Left Wing Right Wing Defense Defense
Nate Thompson Alex Picard Mike Brown Jonathan Sigalet Jordan Hendry
Last Minutes Defensive
Center Left Wing Right Wing Defense Defense
Radek Bonk Alex Picard David Clarkson Jonathan Sigalet Jordan Hendry
Goaltenders
Starting : Corey Crawford
Backup : Jussi Markkanen
Extra Forwards
Normal : Greg Mauldin, Tyler Haskins, Pierre Dagenais - PP : Pierre Dagenais, Greg Mauldin - PK : Pierre Dagenais
Extra Defensemen
Normal : Nathan Oystrick, Kyle Lawson, Jordan Hendry - PP : Nathan Oystrick - PK : Jonathan Sigalet, Nathan Oystrick
Penalty Shots
Radek Bonk, Pierre Dagenais, Alex Picard, Jani Rita, Greg Mauldin
% Time on Ice - Manchots
Lines # - Real PCT - Wanted PCT - Time Play
Normal Forward
1 - 33% - 37% - 16:13
2 - 35% - 34% - 17:07
3 - 18% - 19% - 8:40
4 - 14% - 10% - 7:07
Normal Defense
1 - 38% - 40% - 18:45
2 - 30% - 30% - 14:50
3 - 26% - 20% - 12:36
4 - 6% - 10% - 2:56
PP Forward
1 - 63% - 60% - 2:29
2 - 37% - 40% - 1:29
PP Defense
1 - 60% - 60% - 2:23
2 - 40% - 40% - 1:35
PK Forward
1 - 69% - 60% - 4:07
2 - 31% - 40% - 1:50
PK Defense
1 - 71% - 60% - 4:12
2 - 29% - 40% - 1:45
PK3 Forward
1 - 0% - 60%
2 - 0% - 40%
PK3 Defense
1 - 0% - 60%
2 - 0% - 40%
44 Forward
1 - 0% - 60%
2 - 0% - 40%
44 Defense
1 - 0% - 60%
2 - 0% - 40%
Last Minute Offensive - 0:58
Last Minute Defensive - 0:00
Total
Forward - 60:00
Defense - 60:00
|
% Time on Ice - Tamiflu
Lines # - Real PCT - Wanted PCT - Time Play
Normal Forward
1 - 30% - 40% - 14:43
2 - 25% - 30% - 12:11
3 - 26% - 20% - 12:44
4 - 19% - 10% - 9:28
Normal Defense
1 - 38% - 40% - 18:54
2 - 32% - 30% - 15:33
3 - 24% - 20% - 11:47
4 - 6% - 10% - 2:52
PP Forward
1 - 63% - 60% - 3:46
2 - 37% - 40% - 2:11
PP Defense
1 - 57% - 60% - 3:25
2 - 43% - 40% - 2:32
PK Forward
1 - 76% - 60% - 3:00
2 - 24% - 40% - 0:58
PK Defense
1 - 54% - 60% - 2:08
2 - 46% - 40% - 1:50
PK3 Forward
1 - 0% - 60%
2 - 0% - 40%
PK3 Defense
1 - 0% - 60%
2 - 0% - 40%
44 Forward
1 - 0% - 60%
2 - 0% - 40%
44 Defense
1 - 0% - 60%
2 - 0% - 40%
Last Minute Offensive - 0:00
Last Minute Defensive - 0:59
Total
Forward - 60:00
Defense - 60:00
|
Play by Play
1st period
0:01 of 1st period - Martin Hanzal wins face-off versus Nate Thompson in neutral zone.
0:10 of 1st period - Wrist shot by Alexander Radulov.
0:10 of 1st period - Shot Blocked by Jonathan Sigalet.
0:50 of 1st period - Snap shot by Fredrik Sjostrom.
0:50 of 1st period - Stopped by Corey Crawford without a rebound.
0:51 of 1st period - Radek Bonk wins face-off versus Logan Couture in Tamiflu zone.
0:58 of 1st period - Fredrik Sjostrom is hit by Petr Pohl and loses puck.
1:07 of 1st period - Snap shot by Fredrik Sjostrom.
1:07 of 1st period - Shot Misses the Net.
1:09 of 1st period - Wrist shot by Bryan Allen.
1:09 of 1st period - Stopped by Corey Crawford with a rebound.
2:06 of 1st period - Wrist shot by Jani Rita.
2:06 of 1st period - Shot Misses the Net.
2:34 of 1st period - Wrist shot by Petr Pohl.
2:34 of 1st period - Deflect By Fredrik Sjostrom.
2:34 of 1st period - Shot Misses the Net.
2:34 of 1st period - Puck is out of play.
2:35 of 1st period - Tyler Kennedy wins face-off versus Nate Thompson in Manchots zone.
3:04 of 1st period - Minor Penalty to Pernell Karl Subban for Hooking.
3:05 of 1st period - Denis Arkhipov wins face-off versus Nate Thompson in Manchots zone.
3:30 of 1st period - Jonathan Sigalet is hit by Hal Gill and loses puck.
3:38 of 1st period - Off-side.
3:39 of 1st period - Nate Thompson wins face-off versus Cal Clutterbuck in neutral zone.
5:04 of 1st period - Penalty to Pernell Karl Subban is over, Pernell Karl Subban is back on ice.
6:09 of 1st period - Bryan Allen is hit by Mike Brown and loses puck.
6:23 of 1st period - Off-side.
6:24 of 1st period - Martin Hanzal wins face-off versus Greg Mauldin in neutral zone.
6:29 of 1st period - Snap shot by Alexander Radulov.
6:29 of 1st period - Stopped by Corey Crawford with a rebound.
6:39 of 1st period - Wrist shot by Pierre Dagenais.
6:39 of 1st period - Shot Misses the Net.
7:14 of 1st period - Snap shot by Petr Pohl.
7:14 of 1st period - Stopped by Ondrej Pavelec with a rebound.
7:16 of 1st period - Wrist shot by Radek Bonk.
7:16 of 1st period - Shot Blocked by Stanislav Neckar.
7:18 of 1st period - Snap shot by Radek Bonk.
7:18 of 1st period - Shot Misses the Net.
7:20 of 1st period - Slapshot by Radek Bonk.
7:20 of 1st period - Deflect By Jani Rita.
7:20 of 1st period - Shot Misses the Net.
7:20 of 1st period - Puck is out of play.
7:21 of 1st period - Nate Thompson wins face-off versus Martin Hanzal in Manchots zone.
7:22 of 1st period - Slapshot by Alex Picard.
7:22 of 1st period - Shot Misses the Net.
7:51 of 1st period - Slapshot by Nate Thompson.
7:51 of 1st period - Shot Misses the Net.
8:13 of 1st period - Wrist shot by Petr Sykora.
8:13 of 1st period - Shot Misses the Net.
8:16 of 1st period - Icing by Kyle Lawson.
8:17 of 1st period - Martin Hanzal wins face-off versus Jani Rita in Tamiflu zone.
8:49 of 1st period - Wrist shot by Mike Brown.
8:49 of 1st period - Stopped by Ondrej Pavelec without a rebound.
8:50 of 1st period - Nate Thompson wins face-off versus Cal Clutterbuck in Manchots zone.
8:53 of 1st period - Wrist shot by Nate Thompson.
8:53 of 1st period - Stopped by Ondrej Pavelec without a rebound.
8:54 of 1st period - Tyler Kennedy wins face-off versus Nate Thompson in Manchots zone.
8:59 of 1st period - Snap shot by Tyler Kennedy.
8:59 of 1st period - Stopped by Corey Crawford with a rebound.
9:01 of 1st period - Wrist shot by Tyler Kennedy.
9:01 of 1st period - Stopped by Corey Crawford with a rebound.
9:07 of 1st period - Snap shot by Cal Clutterbuck.
9:07 of 1st period - Shot Misses the Net.
9:09 of 1st period - Wrist shot by Cal Clutterbuck.
9:09 of 1st period - Goal by Cal Clutterbuck - Manchots : 1 - Tamiflu : 0.
9:10 of 1st period - Alexander Radulov wins face-off versus Alex Picard in neutral zone.
9:58 of 1st period - Richard Petiot is hit by David Clarkson.
10:06 of 1st period - Snap shot by Tyler Haskins.
10:06 of 1st period - Shot Misses the Net.
10:08 of 1st period - Snap shot by Nathan Oystrick.
10:08 of 1st period - Shot Misses the Net.
10:34 of 1st period - Jonathan Sigalet is hit by Martin Hanzal and loses puck.
10:41 of 1st period - Martin Hanzal is hit by Jonathan Sigalet and loses puck.
11:00 of 1st period - Snap shot by Fredrik Sjostrom.
11:00 of 1st period - Shot Misses the Net.
11:02 of 1st period - Slapshot by Richard Petiot.
11:02 of 1st period - Shot Blocked by Johan Fransson.
11:20 of 1st period - Wrist shot by Cal Clutterbuck.
11:20 of 1st period - Stopped by Corey Crawford with a rebound.
11:22 of 1st period - Slapshot by Stanislav Neckar.
11:22 of 1st period - Deflect By Tyler Kennedy.
11:22 of 1st period - Stopped by Corey Crawford with a rebound.
11:38 of 1st period - Slapshot by Alex Picard.
11:38 of 1st period - Stopped by Ondrej Pavelec with a rebound.
13:28 of 1st period - Icing by Bryan Allen.
13:29 of 1st period - Greg Mauldin wins face-off versus Logan Couture in Manchots zone.
13:30 of 1st period - Wrist shot by Pierre Dagenais.
13:30 of 1st period - Shot Misses the Net.
13:36 of 1st period - Wrist shot by Petr Sykora.
13:36 of 1st period - Stopped by Corey Crawford without a rebound.
13:37 of 1st period - Martin Hanzal wins face-off versus Nate Thompson in Tamiflu zone.
13:52 of 1st period - Snap shot by Mike Brown.
13:52 of 1st period - Shot Blocked by Bryan Allen.
14:07 of 1st period - Radek Bonk is hit by Logan Couture and loses puck.
14:46 of 1st period - Slapshot by Nathan Oystrick.
14:46 of 1st period - Deflect By David Clarkson.
14:46 of 1st period - Stopped by Ondrej Pavelec with a rebound.
14:48 of 1st period - Snap shot by David Clarkson.
14:48 of 1st period - Shot Misses the Net.
14:50 of 1st period - Wrist shot by Tyler Haskins.
14:50 of 1st period - Shot Misses the Net.
15:04 of 1st period - Hal Gill is hit by Nate Thompson and loses puck.
15:13 of 1st period - Hal Gill is hit by Mike Brown and loses puck.
15:28 of 1st period - Slapshot by Fredrik Sjostrom.
15:28 of 1st period - Deflect By Petr Sykora.
15:28 of 1st period - Stopped by Corey Crawford with a rebound.
15:30 of 1st period - Snap shot by Logan Couture.
15:30 of 1st period - Shot Blocked by Radek Bonk.
15:32 of 1st period - Slapshot by Bryan Allen.
15:32 of 1st period - Deflect By Logan Couture.
15:32 of 1st period - Shot Misses the Net.
15:32 of 1st period - Puck is out of play.
15:33 of 1st period - Greg Mauldin wins face-off versus Logan Couture in Tamiflu zone.
15:53 of 1st period - Kris Russell is hit by Nick Spaling and loses puck.
16:08 of 1st period - Wrist shot by Alex Picard.
16:08 of 1st period - Stopped by Ondrej Pavelec without a rebound.
16:09 of 1st period - Martin Hanzal wins face-off versus Nate Thompson in Manchots zone.
16:40 of 1st period - Snap shot by Alexander Radulov.
16:40 of 1st period - Stopped by Corey Crawford with a rebound.
17:16 of 1st period - Cal Clutterbuck is hit by Alex Picard and loses puck.
18:13 of 1st period - Jordan Hendry is hit by Cal Clutterbuck and loses puck.
18:17 of 1st period - Minor Penalty to Cal Clutterbuck for Hooking.
18:18 of 1st period - Nate Thompson wins face-off versus Denis Arkhipov in Manchots zone.
18:21 of 1st period - Slapshot by Alex Picard.
18:21 of 1st period - Stopped by Ondrej Pavelec without a rebound.
18:22 of 1st period - Denis Arkhipov wins face-off versus Nate Thompson in Manchots zone.
18:35 of 1st period - Wrist shot by Jonathan Sigalet.
18:35 of 1st period - Shot Misses the Net.
18:37 of 1st period - Snap shot by Alex Picard.
18:37 of 1st period - Shot Misses the Net.
19:24 of 1st period - Tyler Kennedy is hit by Kyle Lawson and loses puck.
2nd period
0:01 of 2nd period - Alex Picard wins face-off versus Denis Arkhipov in neutral zone.
0:14 of 2nd period - Wrist shot by Alex Picard.
0:14 of 2nd period - Shot Misses the Net.
0:16 of 2nd period - Wrist shot by Mike Brown.
0:16 of 2nd period - Stopped by Ondrej Pavelec with a rebound.
0:17 of 2nd period - Penalty to Cal Clutterbuck is over, Cal Clutterbuck is back on ice.
0:46 of 2nd period - Wrist shot by Petr Sykora.
0:46 of 2nd period - Shot Misses the Net.
1:35 of 2nd period - Slapshot by Greg Mauldin.
1:35 of 2nd period - Shot Misses the Net.
1:37 of 2nd period - Wrist shot by Nick Spaling.
1:37 of 2nd period - Stopped by Ondrej Pavelec with a rebound.
2:39 of 2nd period - Bobby Butler is hit by Johan Fransson and loses puck.
2:58 of 2nd period - Slapshot by Nate Thompson.
2:58 of 2nd period - Stopped by Ondrej Pavelec with a rebound.
3:01 of 2nd period - Icing by Richard Petiot.
3:02 of 2nd period - Nate Thompson wins face-off versus Eric Tangradi in Manchots zone.
3:11 of 2nd period - Wrist shot by Alex Picard.
3:11 of 2nd period - Stopped by Ondrej Pavelec with a rebound.
3:13 of 2nd period - Snap shot by Nate Thompson.
3:13 of 2nd period - Shot Misses the Net.
3:22 of 2nd period - Off-side.
3:23 of 2nd period - Radek Bonk wins face-off versus Martin Hanzal in neutral zone.
4:32 of 2nd period - Snap shot by Alexander Radulov.
4:32 of 2nd period - Stopped by Corey Crawford without a rebound.
4:33 of 2nd period - Alex Picard wins face-off versus Martin Hanzal in Tamiflu zone.
4:42 of 2nd period - Wrist shot by Alex Picard.
4:42 of 2nd period - Shot Misses the Net.
4:44 of 2nd period - Slapshot by Kyle Lawson.
4:44 of 2nd period - Stopped by Ondrej Pavelec with a rebound.
4:46 of 2nd period - Snap shot by Alex Picard.
4:46 of 2nd period - Stopped by Ondrej Pavelec without a rebound.
4:47 of 2nd period - Nate Thompson wins face-off versus Logan Couture in Manchots zone.
4:48 of 2nd period - Wrist shot by Alex Picard.
4:48 of 2nd period - Stopped by Ondrej Pavelec with a rebound.
4:50 of 2nd period - Slapshot by Nathan Oystrick.
4:50 of 2nd period - Stopped by Ondrej Pavelec with a rebound.
4:52 of 2nd period - Snap shot by Alex Picard.
4:52 of 2nd period - Goal by Alex Picard - Manchots : 1 - Tamiflu : 1.
4:53 of 2nd period - Logan Couture wins face-off versus Nate Thompson in neutral zone.
5:24 of 2nd period - Wrist shot by Alexander Radulov.
5:24 of 2nd period - Stopped by Corey Crawford with a rebound.
5:26 of 2nd period - Slapshot by Hal Gill.
5:26 of 2nd period - Stopped by Corey Crawford with a rebound.
5:28 of 2nd period - Wrist shot by Martin Hanzal.
5:28 of 2nd period - Stopped by Corey Crawford with a rebound.
5:30 of 2nd period - Wrist shot by Alexander Radulov.
5:30 of 2nd period - Stopped by Corey Crawford with a rebound.
6:08 of 2nd period - Wrist shot by Eric Tangradi.
6:08 of 2nd period - Shot Misses the Net.
6:10 of 2nd period - Slapshot by Stanislav Neckar.
6:10 of 2nd period - Stopped by Corey Crawford with a rebound.
6:12 of 2nd period - Backhand shot by Stanislav Neckar.
6:12 of 2nd period - Shot Blocked by Jonathan Sigalet.
6:42 of 2nd period - Petr Pohl is hit by Alexander Radulov and loses puck.
7:10 of 2nd period - Nick Spaling is hit by Pernell Karl Subban and loses puck.
7:29 of 2nd period - Slapshot by Nathan Oystrick.
7:29 of 2nd period - Stopped by Ondrej Pavelec with a rebound.
7:37 of 2nd period - Slapshot by David Clarkson.
7:37 of 2nd period - Shot Misses the Net.
7:49 of 2nd period - Slapshot by Pernell Karl Subban.
7:49 of 2nd period - Stopped by Corey Crawford without a rebound.
7:50 of 2nd period - Nate Thompson wins face-off versus Logan Couture in Tamiflu zone.
8:15 of 2nd period - Kris Russell is hit by Petr Pohl and loses puck.
8:24 of 2nd period - Backhand shot by Alexander Radulov.
8:24 of 2nd period - Shot Blocked by Radek Bonk.
8:25 of 2nd period - Minor Penalty to Petr Pohl for Hooking.
8:26 of 2nd period - Radek Bonk wins face-off versus Martin Hanzal in Tamiflu zone.
8:50 of 2nd period - Icing by Alexander Radulov.
8:51 of 2nd period - Martin Hanzal wins face-off versus Radek Bonk in Manchots zone.
9:16 of 2nd period - Slapshot by Pernell Karl Subban.
9:16 of 2nd period - Shot Hit the Post.
9:18 of 2nd period - Slapshot by Logan Couture.
9:18 of 2nd period - Shot Misses the Net.
9:44 of 2nd period - Slapshot by Kyle Lawson.
9:44 of 2nd period - Deflect By Hal Gill.
9:44 of 2nd period - Stopped by Ondrej Pavelec without a rebound.
9:45 of 2nd period - Logan Couture wins face-off versus Jani Rita in Manchots zone.
9:50 of 2nd period - Kyle Lawson is hit by Jamie Benn and loses puck.
10:25 of 2nd period - Penalty to Petr Pohl is over, Petr Pohl is back on ice.
10:34 of 2nd period - Icing by Nathan Oystrick.
10:35 of 2nd period - Tyler Kennedy wins face-off versus Greg Mauldin in Tamiflu zone.
10:44 of 2nd period - Snap shot by Greg Mauldin.
10:44 of 2nd period - Deflect By Pierre Dagenais.
10:44 of 2nd period - Stopped by Ondrej Pavelec with a rebound.
10:46 of 2nd period - Snap shot by Greg Mauldin.
10:46 of 2nd period - Shot Misses the Net.
11:26 of 2nd period - Hal Gill is hit by Mike Brown and loses puck.
11:35 of 2nd period - Slapshot by Mike Brown.
11:35 of 2nd period - Shot Misses the Net.
11:37 of 2nd period - Slapshot by Alex Picard.
11:37 of 2nd period - Shot Blocked by Bryan Allen.
11:56 of 2nd period - Slapshot by Jani Rita.
11:56 of 2nd period - Shot Misses the Net.
12:07 of 2nd period - Off-side.
12:08 of 2nd period - Greg Mauldin wins face-off versus Tyler Kennedy in neutral zone.
12:15 of 2nd period - Snap shot by Greg Mauldin.
12:15 of 2nd period - Stopped by Ondrej Pavelec without a rebound.
12:16 of 2nd period - Nate Thompson wins face-off versus Alexander Radulov in Manchots zone.
12:41 of 2nd period - Snap shot by Pierre Dagenais.
12:41 of 2nd period - Shot Misses the Net.
12:43 of 2nd period - Snap shot by Nick Spaling.
12:43 of 2nd period - Shot Misses the Net.
12:45 of 2nd period - Wrist shot by Nathan Oystrick.
12:45 of 2nd period - Stopped by Ondrej Pavelec without a rebound.
12:46 of 2nd period - Logan Couture wins face-off versus Greg Mauldin in Manchots zone.
12:49 of 2nd period - Slapshot by Pierre Dagenais.
12:49 of 2nd period - Shot Blocked by Hal Gill.
13:11 of 2nd period - Hal Gill is hit by Jordan Hendry and loses puck.
13:24 of 2nd period - Wrist shot by Petr Sykora.
13:24 of 2nd period - Stopped by Corey Crawford with a rebound.
13:49 of 2nd period - Slapshot by Logan Couture.
13:49 of 2nd period - Shot Misses the Net.
13:51 of 2nd period - Slapshot by Richard Petiot.
13:51 of 2nd period - Deflect By Jonathan Sigalet.
13:51 of 2nd period - Stopped by Corey Crawford with a rebound.
13:55 of 2nd period - Snap shot by Petr Sykora.
13:55 of 2nd period - Shot Misses the Net.
13:57 of 2nd period - Slapshot by Logan Couture.
13:57 of 2nd period - Shot Misses the Net.
13:59 of 2nd period - Snap shot by Bryan Allen.
13:59 of 2nd period - Stopped by Corey Crawford without a rebound.
14:00 of 2nd period - Nate Thompson wins face-off versus Martin Hanzal in Tamiflu zone.
14:00 of 2nd period - Nate Thompson is hit by Jamie Benn.
14:07 of 2nd period - Minor Penalty to Mike Brown for Tripping.
14:08 of 2nd period - Radek Bonk wins face-off versus Martin Hanzal in Tamiflu zone.
14:35 of 2nd period - Alex Picard is hit by Jamie Benn and loses puck.
14:58 of 2nd period - Slapshot by Nate Thompson.
14:58 of 2nd period - Shot Blocked by Bryan Allen.
16:07 of 2nd period - Penalty to Mike Brown is over, Mike Brown is back on ice.
16:30 of 2nd period - Off-side.
16:31 of 2nd period - Tyler Haskins wins face-off versus Denis Arkhipov in neutral zone.
16:33 of 2nd period - Nathan Oystrick is hit by Bryan Allen and loses puck.
16:42 of 2nd period - Snap shot by Tyler Haskins.
16:42 of 2nd period - Stopped by Ondrej Pavelec with a rebound.
16:44 of 2nd period - Slapshot by David Clarkson.
16:44 of 2nd period - Shot Blocked by Hal Gill.
16:46 of 2nd period - Slapshot by Nathan Oystrick.
16:46 of 2nd period - Stopped by Ondrej Pavelec without a rebound.
16:47 of 2nd period - Martin Hanzal wins face-off versus Nate Thompson in Manchots zone.
16:55 of 2nd period - Icing by Martin Hanzal.
16:56 of 2nd period - Nate Thompson wins face-off versus Martin Hanzal in Manchots zone.
16:59 of 2nd period - Slapshot by Mike Brown.
16:59 of 2nd period - Stopped by Ondrej Pavelec without a rebound.
17:00 of 2nd period - Martin Hanzal wins face-off versus Nate Thompson in Manchots zone.
17:15 of 2nd period - Wrist shot by Nate Thompson.
17:15 of 2nd period - Stopped by Ondrej Pavelec without a rebound.
17:16 of 2nd period - Radek Bonk wins face-off versus Logan Couture in Manchots zone.
17:42 of 2nd period - Pernell Karl Subban is hit by Nate Thompson and loses puck.
18:08 of 2nd period - Pierre Dagenais is hit by Spencer Machacek and loses puck.
18:15 of 2nd period - Slapshot by Greg Mauldin.
18:15 of 2nd period - Shot Hit the Post.
18:27 of 2nd period - Snap shot by Jani Rita.
18:27 of 2nd period - Stopped by Ondrej Pavelec with a rebound.
18:51 of 2nd period - Snap shot by Fredrik Sjostrom.
18:51 of 2nd period - Stopped by Corey Crawford with a rebound.
18:53 of 2nd period - Snap shot by Stanislav Neckar.
18:53 of 2nd period - Deflect By Nate Thompson.
18:53 of 2nd period - Stopped by Corey Crawford with a rebound.
18:55 of 2nd period - Wrist shot by Fredrik Sjostrom.
18:55 of 2nd period - Deflect By Logan Couture.
18:55 of 2nd period - Shot Misses the Net.
18:55 of 2nd period - Puck is out of play.
18:56 of 2nd period - Martin Hanzal wins face-off versus Radek Bonk in Tamiflu zone.
18:59 of 2nd period - Snap shot by Martin Hanzal.
18:59 of 2nd period - Goal by Martin Hanzal - Manchots : 2 - Tamiflu : 1.
19:00 of 2nd period - Martin Hanzal wins face-off versus Nate Thompson in neutral zone.
19:28 of 2nd period - Slapshot by Stanislav Neckar.
19:28 of 2nd period - Stopped by Corey Crawford without a rebound.
19:29 of 2nd period - Logan Couture wins face-off versus Radek Bonk in Tamiflu zone.
19:30 of 2nd period - Wrist shot by Fredrik Sjostrom.
19:30 of 2nd period - Stopped by Corey Crawford with a rebound.
19:32 of 2nd period - Wrist shot by Bryan Allen.
19:32 of 2nd period - Shot Blocked by Petr Pohl.
3rd period
0:01 of 3rd period - Martin Hanzal wins face-off versus Nate Thompson in neutral zone.
0:16 of 3rd period - Slapshot by Martin Hanzal.
0:16 of 3rd period - Shot Blocked by Jonathan Sigalet.
0:28 of 3rd period - Jonathan Sigalet is hit by Fredrik Sjostrom and loses puck.
0:37 of 3rd period - Wrist shot by Radek Bonk.
0:37 of 3rd period - Shot Misses the Net.
0:51 of 3rd period - Backhand shot by David Clarkson.
0:51 of 3rd period - Goal by David Clarkson - Manchots : 2 - Tamiflu : 2.
0:52 of 3rd period - Martin Hanzal wins face-off versus Nate Thompson in neutral zone.
1:17 of 3rd period - Logan Couture is hit by Jordan Hendry and loses puck.
2:42 of 3rd period - Slapshot by Pierre Dagenais.
2:42 of 3rd period - Stopped by Ondrej Pavelec with a rebound.
2:44 of 3rd period - Slapshot by Johan Fransson.
2:44 of 3rd period - Shot Blocked by Fredrik Sjostrom.
2:46 of 3rd period - Slapshot by Teemu Laakso.
2:46 of 3rd period - Deflect By Logan Couture.
2:46 of 3rd period - Stopped by Ondrej Pavelec with a rebound.
2:58 of 3rd period - Snap shot by Nate Thompson.
2:58 of 3rd period - Stopped by Ondrej Pavelec with a rebound.
3:00 of 3rd period - Snap shot by Mike Brown.
3:00 of 3rd period - Shot Misses the Net.
3:10 of 3rd period - Slapshot by Fredrik Sjostrom.
3:10 of 3rd period - Deflect By Logan Couture.
3:10 of 3rd period - Stopped by Corey Crawford without a rebound.
3:11 of 3rd period - Jani Rita wins face-off versus Martin Hanzal in Tamiflu zone.
3:18 of 3rd period - Slapshot by Radek Bonk.
3:18 of 3rd period - Stopped by Ondrej Pavelec without a rebound.
3:19 of 3rd period - Radek Bonk wins face-off versus Martin Hanzal in Manchots zone.
3:20 of 3rd period - Wrist shot by Jani Rita.
3:20 of 3rd period - Shot Blocked by Stanislav Neckar.
3:32 of 3rd period - Snap shot by Martin Hanzal.
3:32 of 3rd period - Stopped by Corey Crawford without a rebound.
3:33 of 3rd period - Nate Thompson wins face-off versus Petr Sykora in Tamiflu zone.
4:00 of 3rd period - Pernell Karl Subban is hit by Jonathan Sigalet and loses puck.
4:52 of 3rd period - Pernell Karl Subban is hit by Jan Mursak and loses puck.
5:09 of 3rd period - Snap shot by Fredrik Sjostrom.
5:09 of 3rd period - Stopped by Corey Crawford with a rebound.
5:11 of 3rd period - Snap shot by Logan Couture.
5:11 of 3rd period - Stopped by Corey Crawford without a rebound.
5:12 of 3rd period - Nate Thompson wins face-off versus Logan Couture in Tamiflu zone.
5:12 of 3rd period - Nate Thompson is hit by Logan Couture.
5:22 of 3rd period - Snap shot by Alex Picard.
5:22 of 3rd period - Goal by Alex Picard - Manchots : 2 - Tamiflu : 3.
5:23 of 3rd period - Martin Hanzal wins face-off versus Nate Thompson in neutral zone.
5:28 of 3rd period - Slapshot by Kris Russell.
5:28 of 3rd period - Shot Misses the Net.
5:30 of 3rd period - Slapshot by Martin Hanzal.
5:30 of 3rd period - Stopped by Corey Crawford without a rebound.
5:31 of 3rd period - Martin Hanzal wins face-off versus Nate Thompson in Tamiflu zone.
5:58 of 3rd period - Cal Clutterbuck is hit by Alex Picard and loses puck.
6:57 of 3rd period - Slapshot by Greg Mauldin.
6:57 of 3rd period - Shot Misses the Net.
7:42 of 3rd period - Tyler Haskins is hit by Petr Sykora and loses puck.
7:55 of 3rd period - Kyle Lawson is hit by Martin Hanzal and loses puck.
8:26 of 3rd period - Snap shot by Tyler Haskins.
8:26 of 3rd period - Shot Misses the Net.
8:28 of 3rd period - Slapshot by Jordan Hendry.
8:28 of 3rd period - Shot Misses the Net.
8:58 of 3rd period - Snap shot by Martin Hanzal.
8:58 of 3rd period - Deflect By Alexander Radulov.
8:58 of 3rd period - Shot Blocked by Teemu Laakso.
8:58 of 3rd period - Puck is out of play.
8:59 of 3rd period - Nate Thompson wins face-off versus Logan Couture in Tamiflu zone.
8:59 of 3rd period - Nate Thompson is hit by Fredrik Sjostrom.
9:07 of 3rd period - Snap shot by Nate Thompson.
9:07 of 3rd period - Shot Misses the Net.
9:09 of 3rd period - Snap shot by Alex Picard.
9:09 of 3rd period - Stopped by Ondrej Pavelec with a rebound.
9:11 of 3rd period - Snap shot by Nate Thompson.
9:11 of 3rd period - Stopped by Ondrej Pavelec with a rebound.
9:25 of 3rd period - Tyler Kennedy is hit by Petr Pohl and loses puck.
9:50 of 3rd period - Slapshot by Stanislav Neckar.
9:50 of 3rd period - Stopped by Corey Crawford without a rebound.
9:51 of 3rd period - Nate Thompson wins face-off versus Logan Couture in Tamiflu zone.
9:51 of 3rd period - Nate Thompson is hit by Logan Couture.
10:01 of 3rd period - Slapshot by Alex Picard.
10:01 of 3rd period - Deflect By Mike Brown.
10:01 of 3rd period - Stopped by Ondrej Pavelec with a rebound.
10:17 of 3rd period - Richard Petiot is hit by Jonathan Sigalet and loses puck.
10:24 of 3rd period - Jordan Hendry is hit by Logan Couture and loses puck.
11:27 of 3rd period - Snap shot by Fredrik Sjostrom.
11:27 of 3rd period - Stopped by Corey Crawford with a rebound.
11:29 of 3rd period - Slapshot by Pernell Karl Subban.
11:29 of 3rd period - Shot Misses the Net.
11:31 of 3rd period - Snap shot by Pernell Karl Subban.
11:31 of 3rd period - Shot Misses the Net.
12:07 of 3rd period - Snap shot by Nick Spaling.
12:07 of 3rd period - Stopped by Ondrej Pavelec with a rebound.
12:13 of 3rd period - Snap shot by Fredrik Sjostrom.
12:13 of 3rd period - Stopped by Corey Crawford with a rebound.
12:15 of 3rd period - Slapshot by Pernell Karl Subban.
12:15 of 3rd period - Stopped by Corey Crawford without a rebound.
12:16 of 3rd period - Nate Thompson wins face-off versus Martin Hanzal in Tamiflu zone.
12:21 of 3rd period - Wrist shot by Mike Brown.
12:21 of 3rd period - Shot Misses the Net.
12:27 of 3rd period - Wrist shot by Alexander Radulov.
12:27 of 3rd period - Stopped by Corey Crawford without a rebound.
12:28 of 3rd period - Nate Thompson wins face-off versus Martin Hanzal in Tamiflu zone.
12:35 of 3rd period - Wrist shot by Alex Picard.
12:35 of 3rd period - Shot Blocked by Bryan Allen.
13:50 of 3rd period - Spencer Machacek is hit by Jani Rita and loses puck.
14:00 of 3rd period - Off-side.
14:01 of 3rd period - Jan Mursak wins face-off versus Martin Hanzal in neutral zone.
14:30 of 3rd period - Bobby Butler is hit by Johan Fransson and loses puck.
14:59 of 3rd period - Pernell Karl Subban is hit by Nathan Oystrick and loses puck.
15:54 of 3rd period - Slapshot by Pierre Dagenais.
15:54 of 3rd period - Shot Blocked by Kris Russell.
16:12 of 3rd period - Slapshot by David Clarkson.
16:12 of 3rd period - Deflect By Tyler Haskins.
16:12 of 3rd period - Shot Blocked by Kris Russell.
16:12 of 3rd period - Puck is out of play.
16:13 of 3rd period - Denis Arkhipov wins face-off versus Tyler Haskins in Manchots zone.
16:20 of 3rd period - Snap shot by David Clarkson.
16:20 of 3rd period - Shot Misses the Net.
16:22 of 3rd period - Slapshot by Johan Fransson.
16:22 of 3rd period - Shot Misses the Net.
16:30 of 3rd period - Snap shot by David Clarkson.
16:30 of 3rd period - Stopped by Ondrej Pavelec with a rebound.
16:31 of 3rd period - Minor Penalty to Eric Tangradi for Roughing.
16:32 of 3rd period - Nate Thompson wins face-off versus Denis Arkhipov in Manchots zone.
18:31 of 3rd period - Penalty to Eric Tangradi is over, Eric Tangradi is back on ice.
19:07 of 3rd period - Manchots, Ondrej Pavelec is pulled from the net.
19:13 of 3rd period - Snap shot by Martin Hanzal.
19:13 of 3rd period - Shot Misses the Net.
19:15 of 3rd period - Slapshot by Richard Petiot.
19:15 of 3rd period - Shot Misses the Net.
19:17 of 3rd period - Snap shot by Fredrik Sjostrom.
19:17 of 3rd period - Stopped by Corey Crawford without a rebound.
19:18 of 3rd period - Adams Oates call a timeout for Manchots.
19:18 of 3rd period - Martin Hanzal wins face-off versus Tyler Haskins in Tamiflu zone.
19:21 of 3rd period - Snap shot by Fredrik Sjostrom.
19:21 of 3rd period - Stopped by Corey Crawford with a rebound.
19:29 of 3rd period - Martin Hanzal is hit by Jonathan Sigalet.
19:44 of 3rd period - Off-side.
19:45 of 3rd period - Tyler Haskins wins face-off versus Martin Hanzal in neutral zone.
Output by the SimonT Hockey Simulator (STHS) for François Prévost -- Original Page W3C XHTML 1.0 Valid